WCHLSIM.com - West Coast Hockey League
html PUBLIC "-//W3C//DTD XHTML 1.0 Transitional//EN" "http://www.w3.org/TR/xhtml1/DTD/xhtml1-transitional.dtd"> WCHL - Game 570 - EDMONTON ICE vs WINNIPEG BEAVERS

EDMONTON ICE vs WINNIPEG BEAVERS

Created - 2 février 2021 at 22:44

Goals
1 2 3 T
EDMONTON ICE 0 3 1 4
WINNIPEG BEAVERS 4 0 1 5
Shots
1 2 3 T
EDMONTON ICE 8 12 11 31
WINNIPEG BEAVERS 11 9 6 26

1st period

1. WINNIPEG BEAVERS , Alexander Radulov 8 (David Krejci 21) at 1:57
2. WINNIPEG BEAVERS , Brad Marchand 28 (Anthony DeAngelo 5) at 10:31 (SH)
3. WINNIPEG BEAVERS , David Krejci 8 (Ondrej Palat 14, Alexander Radulov 13) at 13:47 (PP)
4. WINNIPEG BEAVERS , Mika Zibanejad 29 (Brad Marchand 36, Dylan DeMelo 10) at 14:19

Penalties :
Patric Hornqvist (EDM) for Roughing (Minor) at 4:29, Dylan DeMelo (WIN) for Tripping (Minor) at 9:27, Kris Russell (WIN) for Boarding (Minor) at 9:51, Patric Hornqvist (EDM) for Hooking (Minor) at 13:31, Sean Kuraly (WIN) for Tripping (Minor) at 14:52, Joel Eriksson Ek (EDM) for Hooking (Minor) at 19:10

2nd period

5. EDMONTON ICE , Timo Meier 14 (Patric Hornqvist 19) at 3:24
6. EDMONTON ICE , Ondrej Kase 5 (Boone Jenner 9) at 8:33 (SH)
7. EDMONTON ICE , Timo Meier 15 (Mikko Koivu 9, Patric Hornqvist 20) at 10:44

Penalties :
Colton Parayko (EDM) for Slashing (Minor) at 7:03

3rd period

8. WINNIPEG BEAVERS , Alexander Radulov 9 (David Krejci 22) at 11:10
9. EDMONTON ICE , Timo Meier 16 (Patric Hornqvist 21) at 16:24

Penalties :
Timo Meier (EDM) for Hooking (Minor) at 5:10, Calvin De Haan (EDM) for Interference (Minor) at 13:51, Sean Kuraly (WIN) for High sticking (Minor) at 17:22

Goalie Stats

Jake Allen (EDM), 17 saves from 18 shots - (0,944), L, 5-3-5, 44:51 minutes
Philipp Grubauer (EDM), 4 saves from 8 shots - (0,500), 14:19 minutes
Sergei Bobrovsky (WIN), 27 saves from 31 shots - (0,871), W, 15-8-4, 60:00 minutes

Players Stats for EDMONTON ICE

Player Name              G  A  P  +/- PIM S  H  SB GA TA FO     MP     PP MP  PK MP  
------------------------------------------------------------------------------------
Anthony Mantha           0  0  0  -1  0   0  2  0  0  0  0/1    19:21   2:51   0:00 
Boone Jenner             0  1  1   0  0   2  2  1  0  0  14/26  17:07   0:00   7:29 
Brendan Perlini          0  0  0   0  0   0  0  0  0  0  0/0     0:00   0:00   0:00 
Calvin De Haan           0  0  0   1  2   0  1  1  0  0  0/0    15:22   0:00   4:48 
Colton Parayko           0  0  0  -2  2   1  1  1  0  0  0/0    21:43   3:15   2:55 
Ivan Barbashev           0  0  0   0  0   0  1  0  0  0  3/6     2:55   0:00   0:00 
Jack Johnson             0  0  0   0  0   0  0  2  0  0  0/0    17:52   0:15   4:29 
Jaden Schwartz           0  0  0   0  0   2  0  0  0  0  0/2    16:35   0:00   0:00 
Jeff Petry               0  0  0   1  0   0  2  1  0  0  0/0    20:33   3:06   0:03 
Joel Eriksson Ek         0  0  0  -1  2   1  0  0  0  0  0/0    13:12   3:30   0:00 
Mathieu Perreault        0  0  0   0  0   2  0  0  0  0  0/1     5:37   0:00   2:42 
Mikko Koivu              0  1  1   1  0   0  0  0  0  0  14/24  20:24   3:30   2:34 
Ondrej Kase              1  0  1   0  0   3  0  0  0  0  0/2    19:02   0:00   7:03 
Patric Hornqvist         0  3  3   1  4   5  3  0  0  0  1/1    17:48   3:30   0:00 
Ryan Graves              0  0  0   3  0   1  0  2  0  0  0/0    23:47   3:15   6:19 
Ryan O'Reilly            0  0  0  -1  0   6  0  0  0  0  8/16   19:55   2:51   0:34 
Shea Theodore            0  0  0  -3  0   3  0  0  0  0  0/0    20:41   2:51   1:48 
Timo Meier               3  0  3   0  2   5  1  0  0  0  1/3    17:49   2:51   0:00 

Players Stats for WINNIPEG BEAVERS

Player Name              G  A  P  +/- PIM S  H  SB GA TA FO     MP     PP MP  PK MP  
------------------------------------------------------------------------------------
Alexander Radulov        2  1  3   0  0   4  0  0  0  0  1/1    15:58   4:28   0:00 
Anthony DeAngelo         0  1  1  -2  0   0  1  0  0  0  0/0    22:04   5:06   1:12 
Brad Marchand            1  1  2   1  0   5  1  0  0  0  0/1    23:40   5:43   3:14 
Brandon Tanev            0  0  0   1  0   1  3  0  0  0  1/2    14:38   0:00   0:00 
Carson Soucy             0  0  0   2  0   0  3  1  0  0  0/0    13:15   0:00   0:59 
Colin Wilson             0  0  0   0  0   0  0  0  0  0  0/0     6:13   0:00   0:00 
David Krejci             1  2  3   0  0   5  0  0  0  0  10/21  18:32   4:28   2:49 
Dylan DeMelo             0  1  1   1  2   0  3  0  0  0  0/0    21:02   5:05   2:06 
Ian Cole                 0  0  0  -3  0   1  1  0  0  0  0/0    24:01   5:06   3:19 
Joe Pavelski             0  0  0  -2  0   0  0  1  0  0  8/13   20:10   5:43   2:32 
Joel Armia               0  0  0  -1  0   3  0  0  0  0  0/0    11:17   0:00   0:00 
Justin Braun             0  0  0   1  0   0  0  1  0  0  0/0    22:00   5:05   3:05 
Kris Russell             0  0  0   1  2   0  2  1  0  0  0/0    17:03   0:00   2:00 
Mika Zibanejad           1  0  1   0  0   6  2  1  0  0  18/35  22:43   5:43   2:32 
Ondrej Palat             0  1  1  -1  0   0  1  0  0  0  1/4    15:45   4:28   0:00 
Sam Lafferty             0  0  0   0  0   0  0  0  0  0  0/1     6:13   0:00   0:00 
Sean Kuraly              0  0  0   0  4   1  3  0  0  0  0/0    11:13   0:00   0:00 
Steven Lorentz           0  0  0   0  0   0  0  0  0  0  2/4     6:13   0:00   0:00 

3 Stars

1 - Timo Meier (EDM)
2 - Alexander Radulov (WIN)
3 - David Krejci (WIN)

Power Play

EDMONTON ICE - 0 on 4 Attempt(s) - 0,00%
WINNIPEG BEAVERS - 1 on 6 Attempt(s) - 16,67%

Penalty Kill

EDMONTON ICE - 5 on 6 Attempt(s) - 83,33% - Score 1 goal in Penalty Kill
WINNIPEG BEAVERS - 4 on 4 Attempt(s) - 100,00% - Score 1 goal in Penalty Kill

Team Stat

EDMONTON ICE - Hits : 13 - Faceoff Wins : 41 - Blocked Shots : 8 - Penalty Minutes : 12
WINNIPEG BEAVERS - Hits : 20 - Faceoff Wins : 41 - Blocked Shots : 5 - Penalty Minutes : 8

Official

Referees : Garrett Rank and Wes McCauley
Linesman : Jonny Murray and Kory Nagy

Game Notes

Jake Allen enters game at 14:19 of 1st period
Timo Meier has scored a Hat Trick!

Finance

Level 1 -- Attendance: 5853 (97,55%) -- Ticket Income 913 068 $
Level 2 -- Attendance: 4307 (86,14%) -- Ticket Income 512 533 $
Level 3 -- Attendance: 1817 (90,85%) -- Ticket Income 172 615 $
Level 4 -- Attendance: 3398 (84,95%) -- Ticket Income 248 054 $
Luxury Box -- Attendance: 884 (88,40%) -- Ticket Income 296 140 $
Total Attendance: 16259 (90,33%)
Total Ticket Income: 2 142 410 $
Other Expense: 21 424 $
Total Income: 2 120 986 $

EDMONTON ICE

5 vs 5 Forward 
   Center                   Left Wing                Right Wing               Time % Phy DF OF 
 1 Ryan O'Reilly            Jaden Schwartz           Anthony Mantha           37     0   2  3  
 2 Mikko Koivu              Timo Meier               Patric Hornqvist         34     0   2  3  
 3 Boone Jenner             Joel Eriksson Ek         Ondrej Kase              23     1   2  2  
 4 Ivan Barbashev           Mathieu Perreault        Ondrej Kase              6      0   4  1  

5 vs 5 Defense 
   Defense                  Defense                                           Time % Phy DF OF 
 1 Jeff Petry               Ryan Graves                                       37     1   2  2  
 2 Shea Theodore            Colton Parayko                                    33     1   2  2  
 3 Jack Johnson             Calvin De Haan                                    23     0   4  1  
 4 Jack Johnson             Jeff Petry                                        7      0   3  2  

PowerPlay Forward 
   Center                   Left Wing                Right Wing               Time % Phy DF OF 
 1 Ryan O'Reilly            Timo Meier               Anthony Mantha           55     0   1  4  
 2 Mikko Koivu              Joel Eriksson Ek         Patric Hornqvist         45     0   1  4  

PowerPlay Defense
   Defense                  Defense                                           Time % Phy DF OF 
 1 Jeff Petry               Shea Theodore                                     55     0   1  4  
 2 Ryan Graves              Colton Parayko                                    45     0   1  4  

Penalty Kill 4 Players Forward 
   Center                   Wing                     Time % Phy DF OF 
 1 Boone Jenner             Ondrej Kase              57     1   3  1  
 2 Mikko Koivu              Mathieu Perreault        43     1   3  1  

Penalty Kill 4 Players Defense
   Defense                  Defense                  Time % Phy DF OF 
 1 Calvin De Haan           Ryan Graves              57     0   3  2  
 2 Jack Johnson             Colton Parayko           43     0   3  2  

Penalty Kill - 3 Players Forward 
   Forward                                           Time % Phy DF OF 
 1 Boone Jenner                                      55     0   4  1  
 2 Mikko Koivu                                       45     0   4  1  

Penalty Kill - 3 Players Defense
   Defense                  Defense                  Time % Phy DF OF 
 1 Calvin De Haan           Ryan Graves              55     0   4  1  
 2 Jack Johnson             Jeff Petry               45     0   4  1  

4 vs 4 Forward 
   Center                   Wing                     Time % Phy DF OF 
 1 Ryan O'Reilly            Timo Meier               55     1   2  2  
 2 Mikko Koivu              Jaden Schwartz           45     1   2  2  

4 vs 4 Defense
   Defense                  Defense                  Time % Phy DF OF 
 1 Jeff Petry               Colton Parayko           55     1   2  2  
 2 Jack Johnson             Calvin De Haan           45     1   2  2  

Last Minutes Offensive
   Center                   Left Wing                Right Wing               Defense                  Defense                  
   Ryan O'Reilly            Jaden Schwartz           Anthony Mantha           Jeff Petry               Shea Theodore            

Last Minutes Defensive
   Center                   Left Wing                Right Wing               Defense                  Defense                  
   Boone Jenner             Ondrej Kase              Timo Meier               Ryan Graves              Colton Parayko           

Goaltenders
Starting : Philipp Grubauer         
Backup : Jake Allen               

Extra Forwards
Normal : Timo Meier, Joel Eriksson Ek, Ondrej Kase - PP : Ondrej Kase, Mikko Koivu - PK : Ryan O'Reilly
Extra Defensemen
Normal : Shea Theodore, Colton Parayko, Jeff Petry - PP : Jack Johnson - PK : Shea Theodore, Ryan Graves
Penalty Shots
Ryan O'Reilly, Anthony Mantha, Jaden Schwartz, Timo Meier, Patric Hornqvist
Custom OT Lines Forwards
Ryan O'Reilly, Anthony Mantha, Jaden Schwartz, Timo Meier, Joel Eriksson Ek, Ondrej Kase, Mikko Koivu, Boone Jenner, Patric Hornqvist, Ivan Barbashev
Custom OT Lines Defensemen
Jeff Petry, Ryan Graves, Colton Parayko, Shea Theodore, Calvin De Haan

Scratches
None

WINNIPEG BEAVERS

5 vs 5 Forward 
   Center                   Left Wing                Right Wing               Time % Phy DF OF 
 1 Mika Zibanejad           Brad Marchand            Brandon Tanev            35     1   2  2  
 2 Joe Pavelski             Ondrej Palat             Joel Armia               30     0   2  3  
 3 David Krejci             Sean Kuraly              Alexander Radulov        30     0   2  3  
 4 Steven Lorentz           Colin Wilson             Sam Lafferty             5      1   3  1  

5 vs 5 Defense 
   Defense                  Defense                                           Time % Phy DF OF 
 1 Ian Cole                 Anthony DeAngelo                                  34     1   2  2  
 2 Justin Braun             Kris Russell                                      33     0   3  2  
 3 Dylan DeMelo             Carson Soucy                                      25     1   3  1  
 4 Kris Russell             Dylan DeMelo                                      8      1   2  2  

PowerPlay Forward 
   Center                   Left Wing                Right Wing               Time % Phy DF OF 
 1 Mika Zibanejad           Brad Marchand            Joe Pavelski             52     0   0  5  
 2 David Krejci             Ondrej Palat             Alexander Radulov        48     0   0  5  

PowerPlay Defense
   Defense                  Defense                                           Time % Phy DF OF 
 1 Ian Cole                 Anthony DeAngelo                                  53     0   1  4  
 2 Justin Braun             Dylan DeMelo                                      47     0   1  4  

Penalty Kill 4 Players Forward 
   Center                   Wing                     Time % Phy DF OF 
 1 David Krejci             Brad Marchand            50     0   4  1  
 2 Mika Zibanejad           Joe Pavelski             50     0   4  1  

Penalty Kill 4 Players Defense
   Defense                  Defense                  Time % Phy DF OF 
 1 Ian Cole                 Justin Braun             52     1   4  0  
 2 Kris Russell             Dylan DeMelo             48     1   4  0  

Penalty Kill - 3 Players Forward 
   Forward                                           Time % Phy DF OF 
 1 Brad Marchand                                     50     0   5  0  
 2 David Krejci                                      50     0   5  0  

Penalty Kill - 3 Players Defense
   Defense                  Defense                  Time % Phy DF OF 
 1 Ian Cole                 Justin Braun             51     1   4  0  
 2 Kris Russell             Dylan DeMelo             49     1   4  0  

4 vs 4 Forward 
   Center                   Wing                     Time % Phy DF OF 
 1 Mika Zibanejad           Brad Marchand            50     1   2  2  
 2 Joe Pavelski             Ondrej Palat             50     1   2  2  

4 vs 4 Defense
   Defense                  Defense                  Time % Phy DF OF 
 1 Ian Cole                 Anthony DeAngelo         52     1   2  2  
 2 Kris Russell             Justin Braun             48     1   2  2  

Last Minutes Offensive
   Center                   Left Wing                Right Wing               Defense                  Defense                  
   Mika Zibanejad           Brad Marchand            Alexander Radulov        Ian Cole                 Anthony DeAngelo         

Last Minutes Defensive
   Center                   Left Wing                Right Wing               Defense                  Defense                  
   Mika Zibanejad           Brad Marchand            Joe Pavelski             Ian Cole                 Justin Braun             

Goaltenders
Starting : Sergei Bobrovsky         
Backup : Linus Ullmark            

Extra Forwards
Normal : Alexander Radulov, Brad Marchand, Mika Zibanejad - PP : Brad Marchand, Joe Pavelski - PK : Brandon Tanev
Extra Defensemen
Normal : Anthony DeAngelo, Ian Cole, Justin Braun - PP : Ian Cole - PK : Dylan DeMelo, Kris Russell
Penalty Shots
Brad Marchand, Alexander Radulov, Mika Zibanejad, David Krejci, Joe Pavelski
Custom OT Lines Forwards
Brad Marchand, Mika Zibanejad, Joe Pavelski, David Krejci, Alexander Radulov, Ondrej Palat, Joel Armia, Brandon Tanev, Sean Kuraly, Colin Wilson
Custom OT Lines Defensemen
Ian Cole, Anthony DeAngelo, Justin Braun, Kris Russell, Dylan DeMelo

Scratches
Michael Raffl (Sprained Right Ankle Injury)

% Time on Ice - EDMONTON ICE

Lines # - Real PCT - Wanted PCT - Time Play
Normal Forward
1 - 37% - 37% - 15:57
2 - 33% - 34% - 14:20
3 - 22% - 23% - 9:38
4 - 7% - 6% - 2:55
Normal Defense
1 - 33% - 37% - 14:13
2 - 36% - 33% - 15:29
3 - 25% - 23% - 10:35
4 - 6% - 7% - 2:33
PP Forward
1 - 45% - 55% - 2:51
2 - 55% - 45% - 3:30
PP Defense
1 - 49% - 55% - 3:06
2 - 51% - 45% - 3:15
PK Forward
1 - 73% - 57% - 7:29
2 - 27% - 43% - 2:42
PK Defense
1 - 63% - 57% - 6:22
2 - 37% - 43% - 3:49
PK3 Forward
1 - 0% - 55%
2 - 0% - 45%
PK3 Defense
1 - 0% - 55%
2 - 0% - 45%
44 Forward
1 - 0% - 55%
2 - 0% - 45%
44 Defense
1 - 0% - 55%
2 - 0% - 45%
Last Minute Offensive  - 0:38
Last Minute Defensive  - 0:00
Total
Forward - 60:00
Defense - 60:00

% Time on Ice - WINNIPEG BEAVERS

Lines # - Real PCT - Wanted PCT - Time Play
Normal Forward
1 - 33% - 35% - 14:05
2 - 26% - 30% - 11:17
3 - 26% - 30% - 11:15
4 - 15% - 5% - 6:13
Normal Defense
1 - 36% - 34% - 15:31
2 - 31% - 33% - 13:27
3 - 29% - 25% - 12:16
4 - 4% - 8% - 1:36
PP Forward
1 - 56% - 52% - 5:43
2 - 44% - 48% - 4:28
PP Defense
1 - 50% - 53% - 5:06
2 - 50% - 47% - 5:05
PK Forward
1 - 47% - 50% - 2:14
2 - 53% - 50% - 2:32
PK Defense
1 - 57% - 52% - 2:43
2 - 43% - 48% - 2:03
PK3 Forward
1 - 63% - 50% - 1:00
2 - 37% - 50% - 0:35
PK3 Defense
1 - 38% - 51% - 0:36
2 - 62% - 49% - 0:59
44 Forward
1 - 0% - 50%
2 - 0% - 50%
44 Defense
1 - 0% - 52%
2 - 0% - 48%
Last Minute Offensive  - 0:00
Last Minute Defensive  - 0:38
Total
Forward - 60:00
Defense - 60:00

Play-by-Play

1st period


0:01 of 1st period - Mika Zibanejad wins face-off versus Ryan O'Reilly in neutral zone.
0:04 of 1st period - Ryan O'Reilly is hit by Brandon Tanev and loses puck.
1:43 of 1st period - Shot by David Krejci.
1:43 of 1st period - Shot Blocked by Colton Parayko.
1:57 of 1st period - Shot by Alexander Radulov.
1:57 of 1st period - Goal by Alexander Radulov - EDMONTON ICE : 0 - WINNIPEG BEAVERS : 1.
1:58 of 1st period - Boone Jenner wins face-off versus Steven Lorentz in neutral zone.
2:33 of 1st period - Shot by Sam Lafferty.
2:33 of 1st period - Deflect By Colin Wilson.
2:33 of 1st period - Shot Misses the Net.
3:41 of 1st period - Timo Meier is hit by Anthony DeAngelo and loses puck.
3:58 of 1st period - Shot by Patric Hornqvist.
3:58 of 1st period - Stopped by Sergei Bobrovsky with a rebound.
4:06 of 1st period - Shot by Timo Meier.
4:06 of 1st period - Stopped by Sergei Bobrovsky without a rebound.
4:07 of 1st period - Ivan Barbashev wins face-off versus Mika Zibanejad in WINNIPEG BEAVERS zone.
4:11 of 1st period - Icing by Brad Marchand.
4:12 of 1st period - Mika Zibanejad wins face-off versus Ivan Barbashev in WINNIPEG BEAVERS zone.
4:27 of 1st period - Shot by Mathieu Perreault.
4:27 of 1st period - Stopped by Sergei Bobrovsky without a rebound.
4:28 of 1st period - Joe Pavelski wins face-off versus Mikko Koivu in WINNIPEG BEAVERS zone.
4:28 of 1st period - Joe Pavelski is hit by Patric Hornqvist.
4:29 of 1st period - Minor Penalty to Patric Hornqvist for Roughing.
4:30 of 1st period - Mika Zibanejad wins face-off versus Boone Jenner in EDMONTON ICE zone.
4:45 of 1st period - Shot by Brad Marchand.
4:45 of 1st period - Stopped by Philipp Grubauer without a rebound.
4:46 of 1st period - Boone Jenner wins face-off versus Mika Zibanejad in EDMONTON ICE zone.
4:52 of 1st period - Icing by Joe Pavelski.
4:53 of 1st period - Boone Jenner wins face-off versus Mika Zibanejad in WINNIPEG BEAVERS zone.
6:05 of 1st period - Shot by Alexander Radulov.
6:05 of 1st period - Stopped by Philipp Grubauer with a rebound.
6:07 of 1st period - Shot by Ian Cole.
6:07 of 1st period - Shot Blocked by Boone Jenner.
6:09 of 1st period - Shot by Ian Cole.
6:09 of 1st period - Shot Misses the Net.
6:20 of 1st period - Icing by Alexander Radulov.
6:21 of 1st period - David Krejci wins face-off versus Mathieu Perreault in WINNIPEG BEAVERS zone.
7:14 of 1st period - Icing by Colton Parayko.
7:15 of 1st period - Ryan O'Reilly wins face-off versus Mika Zibanejad in EDMONTON ICE zone.
7:24 of 1st period - Shot by Ryan O'Reilly.
7:24 of 1st period - Stopped by Sergei Bobrovsky without a rebound.
7:25 of 1st period - Mikko Koivu wins face-off versus Ondrej Palat in WINNIPEG BEAVERS zone.
7:25 of 1st period - Jeff Petry is hit by Kris Russell and loses puck.
7:44 of 1st period - Icing by Ryan Graves.
7:45 of 1st period - Mikko Koivu wins face-off versus Mika Zibanejad in EDMONTON ICE zone.
7:55 of 1st period - Shot by Mikko Koivu.
7:55 of 1st period - Shot Misses the Net.
7:57 of 1st period - Shot by Jeff Petry.
7:57 of 1st period - Shot Misses the Net.
8:25 of 1st period - Shot by Mika Zibanejad.
8:25 of 1st period - Stopped by Philipp Grubauer without a rebound.
8:26 of 1st period - Boone Jenner wins face-off versus Joe Pavelski in EDMONTON ICE zone.
8:56 of 1st period - Shot by Ondrej Kase.
8:56 of 1st period - Stopped by Sergei Bobrovsky without a rebound.
8:57 of 1st period - Ryan O'Reilly wins face-off versus David Krejci in WINNIPEG BEAVERS zone.
9:11 of 1st period - Ryan O'Reilly is hit by Carson Soucy.
9:14 of 1st period - Icing by Dylan DeMelo.
9:15 of 1st period - Patric Hornqvist wins face-off versus David Krejci in WINNIPEG BEAVERS zone.
9:18 of 1st period - Shot by Mikko Koivu.
9:18 of 1st period - Shot Blocked by Carson Soucy.
9:27 of 1st period - Minor Penalty to Dylan DeMelo for Tripping.
9:28 of 1st period - Mika Zibanejad wins face-off versus Anthony Mantha in WINNIPEG BEAVERS zone.
9:40 of 1st period - Off-side.
9:41 of 1st period - Mika Zibanejad wins face-off versus Mikko Koivu in neutral zone.
9:51 of 1st period - Minor Penalty to Kris Russell for Boarding.
9:52 of 1st period - Ryan O'Reilly wins face-off versus Brad Marchand in WINNIPEG BEAVERS zone.
9:57 of 1st period - Shot by Timo Meier.
9:57 of 1st period - Shot Misses the Net.
9:59 of 1st period - Shot by Ryan O'Reilly.
9:59 of 1st period - Stopped by Sergei Bobrovsky with a rebound.
10:31 of 1st period - Shot by Brad Marchand.
10:31 of 1st period - Goal by Brad Marchand - EDMONTON ICE : 0 - WINNIPEG BEAVERS : 2.
10:32 of 1st period - David Krejci wins face-off versus Mikko Koivu in neutral zone.
10:38 of 1st period - Icing by Ryan Graves.
10:39 of 1st period - Mikko Koivu wins face-off versus David Krejci in EDMONTON ICE zone.
11:10 of 1st period - Shot by Anthony DeAngelo.
11:10 of 1st period - Shot Blocked by Ryan Graves.
11:35 of 1st period - Patric Hornqvist is hit by Ian Cole and loses puck.
12:14 of 1st period - Shot by Sean Kuraly.
12:14 of 1st period - Stopped by Philipp Grubauer without a rebound.
12:15 of 1st period - Joe Pavelski wins face-off versus Ryan O'Reilly in EDMONTON ICE zone.
12:52 of 1st period - Shot by Jaden Schwartz.
12:52 of 1st period - Stopped by Sergei Bobrovsky with a rebound.
13:10 of 1st period - Icing by Jack Johnson.
13:11 of 1st period - Ryan O'Reilly wins face-off versus Brandon Tanev in EDMONTON ICE zone.
13:31 of 1st period - Minor Penalty to Patric Hornqvist for Hooking.
13:32 of 1st period - David Krejci wins face-off versus Ondrej Kase in EDMONTON ICE zone.
13:47 of 1st period - Shot by David Krejci.
13:47 of 1st period - Goal by David Krejci - EDMONTON ICE : 0 - WINNIPEG BEAVERS : 3.
13:48 of 1st period - Mikko Koivu wins face-off versus Mika Zibanejad in neutral zone.
13:53 of 1st period - Dylan DeMelo is hit by Patric Hornqvist.
14:17 of 1st period - Shot by Mika Zibanejad.
14:17 of 1st period - Shot Misses the Net.
14:19 of 1st period - Shot by Mika Zibanejad.
14:19 of 1st period - Goal by Mika Zibanejad - EDMONTON ICE : 0 - WINNIPEG BEAVERS : 4.
14:19 of 1st period - Jake Allen enters game.
14:20 of 1st period - Boone Jenner wins face-off versus Joe Pavelski in neutral zone.
14:43 of 1st period - Icing by Ondrej Kase.
14:44 of 1st period - Boone Jenner wins face-off versus David Krejci in EDMONTON ICE zone.
14:52 of 1st period - Minor Penalty to Sean Kuraly for Tripping.
14:53 of 1st period - David Krejci wins face-off versus Ryan O'Reilly in WINNIPEG BEAVERS zone.
15:25 of 1st period - Mika Zibanejad is hit by Timo Meier and loses puck.
16:04 of 1st period - Shot by Ryan Graves.
16:04 of 1st period - Shot Misses the Net.
16:08 of 1st period - Shot by Mikko Koivu.
16:08 of 1st period - Shot Misses the Net.
16:10 of 1st period - Shot by Patric Hornqvist.
16:10 of 1st period - Shot Blocked by Joe Pavelski.
16:12 of 1st period - Shot by Colton Parayko.
16:12 of 1st period - Shot Blocked by Kris Russell.
16:14 of 1st period - Shot by Ryan Graves.
16:14 of 1st period - Stopped by Sergei Bobrovsky without a rebound.
16:15 of 1st period - David Krejci wins face-off versus Mikko Koivu in WINNIPEG BEAVERS zone.
16:56 of 1st period - Icing by Calvin De Haan.
16:57 of 1st period - Joe Pavelski wins face-off versus Ivan Barbashev in EDMONTON ICE zone.
16:58 of 1st period - Shot by Joel Armia.
16:58 of 1st period - Stopped by Jake Allen with a rebound.
17:02 of 1st period - Shot by Ondrej Palat.
17:02 of 1st period - Shot Misses the Net.
17:04 of 1st period - Shot by Joel Armia.
17:04 of 1st period - Stopped by Jake Allen without a rebound.
17:05 of 1st period - Brandon Tanev wins face-off versus Jaden Schwartz in EDMONTON ICE zone.
18:09 of 1st period - Shot by David Krejci.
18:09 of 1st period - Stopped by Jake Allen without a rebound.
18:10 of 1st period - Joe Pavelski wins face-off versus Mikko Koivu in EDMONTON ICE zone.
19:10 of 1st period - Minor Penalty to Joel Eriksson Ek for Hooking.
19:11 of 1st period - Boone Jenner wins face-off versus Mika Zibanejad in EDMONTON ICE zone.
19:11 of 1st period - Boone Jenner is hit by Mika Zibanejad.
Goals for this period are 0 for EDMONTON ICE vs 4 for WINNIPEG BEAVERS.
Shots for this period are 8 for EDMONTON ICE vs 11 for WINNIPEG BEAVERS.

2nd period


0:01 of 2nd period - Boone Jenner wins face-off versus Mika Zibanejad in neutral zone.
0:12 of 2nd period - Boone Jenner is hit by Mika Zibanejad and loses puck.
0:19 of 2nd period - Shot by Mika Zibanejad.
0:19 of 2nd period - Stopped by Jake Allen without a rebound.
0:20 of 2nd period - Ondrej Palat wins face-off versus Mikko Koivu in EDMONTON ICE zone.
0:45 of 2nd period - Shot by David Krejci.
0:45 of 2nd period - Shot Misses the Net.
0:47 of 2nd period - Shot by Dylan DeMelo.
0:47 of 2nd period - Shot Blocked by Jack Johnson.
0:49 of 2nd period - Shot by Ondrej Palat.
0:49 of 2nd period - Shot Misses the Net.
0:51 of 2nd period - Shot by Alexander Radulov.
0:51 of 2nd period - Shot Blocked by Jack Johnson.
0:53 of 2nd period - Shot by Alexander Radulov.
0:53 of 2nd period - Stopped by Jake Allen without a rebound.
0:54 of 2nd period - Mika Zibanejad wins face-off versus Mikko Koivu in EDMONTON ICE zone.
2:13 of 2nd period - Shot by Patric Hornqvist.
2:13 of 2nd period - Stopped by Sergei Bobrovsky with a rebound.
2:15 of 2nd period - Shot by Timo Meier.
2:15 of 2nd period - Deflect By Patric Hornqvist.
2:15 of 2nd period - Stopped by Sergei Bobrovsky without a rebound.
2:16 of 2nd period - Mika Zibanejad wins face-off versus Boone Jenner in WINNIPEG BEAVERS zone.
2:28 of 2nd period - Shot by Ondrej Kase.
2:28 of 2nd period - Stopped by Sergei Bobrovsky with a rebound.
2:30 of 2nd period - Shot by Ondrej Kase.
2:30 of 2nd period - Deflect By Joel Eriksson Ek.
2:30 of 2nd period - Stopped by Sergei Bobrovsky without a rebound.
2:31 of 2nd period - Mikko Koivu wins face-off versus David Krejci in WINNIPEG BEAVERS zone.
2:42 of 2nd period - Shot by Patric Hornqvist.
2:42 of 2nd period - Stopped by Sergei Bobrovsky without a rebound.
2:43 of 2nd period - Mika Zibanejad wins face-off versus Ondrej Kase in WINNIPEG BEAVERS zone.
2:52 of 2nd period - Shot by Brandon Tanev.
2:52 of 2nd period - Stopped by Jake Allen without a rebound.
2:53 of 2nd period - David Krejci wins face-off versus Mikko Koivu in EDMONTON ICE zone.
3:02 of 2nd period - Shot by David Krejci.
3:02 of 2nd period - Stopped by Jake Allen with a rebound.
3:24 of 2nd period - Shot by Timo Meier.
3:24 of 2nd period - Goal by Timo Meier - EDMONTON ICE : 1 - WINNIPEG BEAVERS : 4.
3:25 of 2nd period - Boone Jenner wins face-off versus Mika Zibanejad in neutral zone.
3:33 of 2nd period - Icing by Mika Zibanejad.
3:34 of 2nd period - Mika Zibanejad wins face-off versus Boone Jenner in WINNIPEG BEAVERS zone.
3:34 of 2nd period - Mika Zibanejad is hit by Boone Jenner.
4:15 of 2nd period - Shot by Boone Jenner.
4:15 of 2nd period - Shot Misses the Net.
4:47 of 2nd period - Shot by Joel Armia.
4:47 of 2nd period - Stopped by Jake Allen without a rebound.
4:48 of 2nd period - Mikko Koivu wins face-off versus David Krejci in EDMONTON ICE zone.
4:54 of 2nd period - Timo Meier is hit by Carson Soucy and loses puck.
4:58 of 2nd period - Mikko Koivu is hit by Dylan DeMelo and loses puck.
5:06 of 2nd period - Timo Meier is hit by Carson Soucy and loses puck.
5:15 of 2nd period - Mikko Koivu is hit by Sean Kuraly and loses puck.
5:43 of 2nd period - Patric Hornqvist is hit by Sean Kuraly and loses puck.
5:47 of 2nd period - Ryan Graves is hit by Sean Kuraly and loses puck.
5:53 of 2nd period - Ryan Graves is hit by Dylan DeMelo and loses puck.
6:20 of 2nd period - Shot by Ryan O'Reilly.
6:20 of 2nd period - Stopped by Sergei Bobrovsky without a rebound.
6:21 of 2nd period - Mika Zibanejad wins face-off versus Ivan Barbashev in WINNIPEG BEAVERS zone.
6:38 of 2nd period - Off-side.
6:39 of 2nd period - Ryan O'Reilly wins face-off versus Ondrej Palat in neutral zone.
6:45 of 2nd period - Off-side.
6:46 of 2nd period - Ryan O'Reilly wins face-off versus Joe Pavelski in neutral zone.
7:02 of 2nd period - Ondrej Palat is hit by Colton Parayko and loses puck.
7:03 of 2nd period - Minor Penalty to Colton Parayko for Slashing.
7:04 of 2nd period - Boone Jenner wins face-off versus Mika Zibanejad in EDMONTON ICE zone.
7:25 of 2nd period - Shot by Brad Marchand.
7:25 of 2nd period - Deflect By Mika Zibanejad.
7:25 of 2nd period - Stopped by Jake Allen without a rebound.
7:26 of 2nd period - Mikko Koivu wins face-off versus David Krejci in EDMONTON ICE zone.
8:27 of 2nd period - Shot by Mikko Koivu.
8:27 of 2nd period - Shot Misses the Net.
8:29 of 2nd period - Shot by Mathieu Perreault.
8:29 of 2nd period - Shot Misses the Net.
8:31 of 2nd period - Shot by Shea Theodore.
8:31 of 2nd period - Stopped by Sergei Bobrovsky without a rebound.
8:32 of 2nd period - Boone Jenner wins face-off versus Mika Zibanejad in WINNIPEG BEAVERS zone.
8:33 of 2nd period - Shot by Ondrej Kase.
8:33 of 2nd period - Goal by Ondrej Kase - EDMONTON ICE : 2 - WINNIPEG BEAVERS : 4.
8:34 of 2nd period - Joe Pavelski wins face-off versus Boone Jenner in neutral zone.
8:43 of 2nd period - Ryan Graves is hit by Brad Marchand and loses puck.
8:53 of 2nd period - Shot by Brad Marchand.
8:53 of 2nd period - Stopped by Jake Allen with a rebound.
8:55 of 2nd period - Shot by Mika Zibanejad.
8:55 of 2nd period - Shot Blocked by Ryan Graves.
8:57 of 2nd period - Shot by Ian Cole.
8:57 of 2nd period - Stopped by Jake Allen without a rebound.
8:58 of 2nd period - Mikko Koivu wins face-off versus Mika Zibanejad in EDMONTON ICE zone.
10:03 of 2nd period - Icing by Steven Lorentz.
10:04 of 2nd period - Mikko Koivu wins face-off versus Steven Lorentz in WINNIPEG BEAVERS zone.
10:04 of 2nd period - Patric Hornqvist is hit by Dylan DeMelo and loses puck.
10:14 of 2nd period - Off-side.
10:15 of 2nd period - Mika Zibanejad wins face-off versus Boone Jenner in neutral zone.
10:24 of 2nd period - Shot by Mika Zibanejad.
10:24 of 2nd period - Stopped by Jake Allen without a rebound.
10:25 of 2nd period - Mikko Koivu wins face-off versus Joe Pavelski in EDMONTON ICE zone.
10:44 of 2nd period - Shot by Timo Meier.
10:44 of 2nd period - Goal by Timo Meier - EDMONTON ICE : 3 - WINNIPEG BEAVERS : 4.
10:45 of 2nd period - Mika Zibanejad wins face-off versus Ryan O'Reilly in neutral zone.
10:45 of 2nd period - Mika Zibanejad is hit by Anthony Mantha.
10:57 of 2nd period - Shot by Jaden Schwartz.
10:57 of 2nd period - Deflect By Ryan O'Reilly.
10:57 of 2nd period - Shot Misses the Net.
11:25 of 2nd period - Shot by Anthony Mantha.
11:25 of 2nd period - Shot Misses the Net.
11:27 of 2nd period - Shot by Shea Theodore.
11:27 of 2nd period - Shot Misses the Net.
13:17 of 2nd period - Joel Armia is hit by Patric Hornqvist and loses puck.
13:38 of 2nd period - Shot by Boone Jenner.
13:38 of 2nd period - Stopped by Sergei Bobrovsky with a rebound.
13:45 of 2nd period - David Krejci is hit by Calvin De Haan and loses puck.
13:52 of 2nd period - Shot by Alexander Radulov.
13:52 of 2nd period - Shot Misses the Net.
13:54 of 2nd period - Shot by Alexander Radulov.
13:54 of 2nd period - Shot Misses the Net.
15:47 of 2nd period - Icing by Joe Pavelski.
15:48 of 2nd period - Ivan Barbashev wins face-off versus Joe Pavelski in WINNIPEG BEAVERS zone.
15:53 of 2nd period - Shot by Mathieu Perreault.
15:53 of 2nd period - Stopped by Sergei Bobrovsky without a rebound.
15:54 of 2nd period - Steven Lorentz wins face-off versus Mikko Koivu in WINNIPEG BEAVERS zone.
17:35 of 2nd period - Shot by Joe Pavelski.
17:35 of 2nd period - Shot Misses the Net.
18:45 of 2nd period - Shot by Patric Hornqvist.
18:45 of 2nd period - Shot Misses the Net.
19:47 of 2nd period - Shot by Joel Eriksson Ek.
19:47 of 2nd period - Shot Blocked by Justin Braun.
Goals for this period are 3 for EDMONTON ICE vs 0 for WINNIPEG BEAVERS.
Shots for this period are 12 for EDMONTON ICE vs 9 for WINNIPEG BEAVERS.

3rd period


0:01 of 3rd period - David Krejci wins face-off versus Ryan O'Reilly in neutral zone.
0:03 of 3rd period - Alexander Radulov is hit by Anthony Mantha and loses puck.
0:08 of 3rd period - Kris Russell is hit by Jeff Petry.
0:15 of 3rd period - David Krejci is hit by Jeff Petry and loses puck.
1:06 of 3rd period - Shot by Patric Hornqvist.
1:06 of 3rd period - Shot Blocked by Mika Zibanejad.
1:32 of 3rd period - Shot by Patric Hornqvist.
1:32 of 3rd period - Deflect By Timo Meier.
1:32 of 3rd period - Shot Misses the Net.
1:34 of 3rd period - Shot by Mikko Koivu.
1:34 of 3rd period - Deflect By Patric Hornqvist.
1:34 of 3rd period - Stopped by Sergei Bobrovsky without a rebound.
1:35 of 3rd period - Joe Pavelski wins face-off versus Boone Jenner in WINNIPEG BEAVERS zone.
2:09 of 3rd period - Icing by Ondrej Kase.
2:10 of 3rd period - Mika Zibanejad wins face-off versus Boone Jenner in EDMONTON ICE zone.
3:14 of 3rd period - David Krejci is hit by Boone Jenner and loses puck.
3:35 of 3rd period - Shot by Sean Kuraly.
3:35 of 3rd period - Shot Misses the Net.
4:36 of 3rd period - Shot by Timo Meier.
4:36 of 3rd period - Stopped by Sergei Bobrovsky without a rebound.
4:37 of 3rd period - Joe Pavelski wins face-off versus Timo Meier in WINNIPEG BEAVERS zone.
4:42 of 3rd period - Mathieu Perreault is hit by Ondrej Palat and loses puck.
4:51 of 3rd period - Shot by Timo Meier.
4:51 of 3rd period - Shot Misses the Net.
5:10 of 3rd period - Minor Penalty to Timo Meier for Hooking.
5:11 of 3rd period - Mika Zibanejad wins face-off versus Boone Jenner in EDMONTON ICE zone.
5:20 of 3rd period - Shot by Brad Marchand.
5:20 of 3rd period - Stopped by Jake Allen without a rebound.
5:21 of 3rd period - Boone Jenner wins face-off versus Mika Zibanejad in EDMONTON ICE zone.
6:43 of 3rd period - Off-side.
6:44 of 3rd period - Mika Zibanejad wins face-off versus Boone Jenner in neutral zone.
7:30 of 3rd period - Icing by Dylan DeMelo.
7:31 of 3rd period - Ryan O'Reilly wins face-off versus Sam Lafferty in WINNIPEG BEAVERS zone.
7:46 of 3rd period - Shot by Ryan O'Reilly.
7:46 of 3rd period - Stopped by Sergei Bobrovsky with a rebound.
7:48 of 3rd period - Shot by Colton Parayko.
7:48 of 3rd period - Stopped by Sergei Bobrovsky without a rebound.
7:49 of 3rd period - Ivan Barbashev wins face-off versus Mika Zibanejad in WINNIPEG BEAVERS zone.
8:00 of 3rd period - Justin Braun is hit by Ivan Barbashev and loses puck.
8:28 of 3rd period - Shot by Mika Zibanejad.
8:28 of 3rd period - Shot Blocked by Jeff Petry.
8:56 of 3rd period - Shot by Ryan O'Reilly.
8:56 of 3rd period - Stopped by Sergei Bobrovsky without a rebound.
8:57 of 3rd period - Joe Pavelski wins face-off versus Timo Meier in WINNIPEG BEAVERS zone.
10:25 of 3rd period - Icing by Mika Zibanejad.
10:26 of 3rd period - Boone Jenner wins face-off versus Mika Zibanejad in WINNIPEG BEAVERS zone.
10:35 of 3rd period - Jack Johnson is hit by Brandon Tanev and loses puck.
10:52 of 3rd period - Shot by Mika Zibanejad.
10:52 of 3rd period - Shot Misses the Net.
11:10 of 3rd period - Shot by David Krejci.
11:10 of 3rd period - Deflect By Alexander Radulov.
11:10 of 3rd period - Goal by Alexander Radulov - EDMONTON ICE : 3 - WINNIPEG BEAVERS : 5.
11:11 of 3rd period - Steven Lorentz wins face-off versus Ryan O'Reilly in neutral zone.
11:15 of 3rd period - Off-side.
11:16 of 3rd period - David Krejci wins face-off versus Ryan O'Reilly in neutral zone.
11:48 of 3rd period - Jaden Schwartz is hit by Kris Russell and loses puck.
12:33 of 3rd period - Shot by Brad Marchand.
12:33 of 3rd period - Deflect By Mika Zibanejad.
12:33 of 3rd period - Stopped by Jake Allen with a rebound.
12:55 of 3rd period - Timo Meier is hit by Brandon Tanev and loses puck.
13:46 of 3rd period - Shot by Joe Pavelski.
13:46 of 3rd period - Shot Misses the Net.
13:48 of 3rd period - Shot by Ian Cole.
13:48 of 3rd period - Shot Misses the Net.
13:50 of 3rd period - Shot by Ian Cole.
13:50 of 3rd period - Shot Blocked by Calvin De Haan.
13:51 of 3rd period - Minor Penalty to Calvin De Haan for Interference.
13:52 of 3rd period - David Krejci wins face-off versus Boone Jenner in EDMONTON ICE zone.
13:55 of 3rd period - Shot by Ondrej Palat.
13:55 of 3rd period - Deflect By David Krejci.
13:55 of 3rd period - Shot Misses the Net.
14:34 of 3rd period - Icing by David Krejci.
14:35 of 3rd period - Mikko Koivu wins face-off versus Ondrej Palat in WINNIPEG BEAVERS zone.
14:46 of 3rd period - Shot by Shea Theodore.
14:46 of 3rd period - Stopped by Sergei Bobrovsky without a rebound.
14:47 of 3rd period - Boone Jenner wins face-off versus Mika Zibanejad in WINNIPEG BEAVERS zone.
15:11 of 3rd period - Shot by Boone Jenner.
15:11 of 3rd period - Stopped by Sergei Bobrovsky without a rebound.
15:12 of 3rd period - Mika Zibanejad wins face-off versus Mikko Koivu in WINNIPEG BEAVERS zone.
15:22 of 3rd period - Off-side.
15:23 of 3rd period - David Krejci wins face-off versus Boone Jenner in neutral zone.
15:28 of 3rd period - Shot by David Krejci.
15:28 of 3rd period - Stopped by Jake Allen without a rebound.
15:29 of 3rd period - Mika Zibanejad wins face-off versus Boone Jenner in EDMONTON ICE zone.
15:58 of 3rd period - Shot by David Krejci.
15:58 of 3rd period - Stopped by Jake Allen without a rebound.
15:59 of 3rd period - Mikko Koivu wins face-off versus David Krejci in EDMONTON ICE zone.
16:24 of 3rd period - Shot by Patric Hornqvist.
16:24 of 3rd period - Deflect By Timo Meier.
16:24 of 3rd period - Goal by Timo Meier - EDMONTON ICE : 4 - WINNIPEG BEAVERS : 5.
16:25 of 3rd period - Mika Zibanejad wins face-off versus Ryan O'Reilly in neutral zone.
16:36 of 3rd period - Shot by Brad Marchand.
16:36 of 3rd period - Stopped by Jake Allen with a rebound.
16:38 of 3rd period - Shot by Brad Marchand.
16:38 of 3rd period - Shot Misses the Net.
16:54 of 3rd period - Shot by Shea Theodore.
16:54 of 3rd period - Stopped by Sergei Bobrovsky with a rebound.
17:22 of 3rd period - Minor Penalty to Sean Kuraly for High sticking.
17:23 of 3rd period - Mikko Koivu wins face-off versus David Krejci in WINNIPEG BEAVERS zone.
17:32 of 3rd period - Shot by Joel Eriksson Ek.
17:32 of 3rd period - Shot Misses the Net.
18:32 of 3rd period - Shot by Ryan O'Reilly.
18:32 of 3rd period - Stopped by Sergei Bobrovsky without a rebound.
18:33 of 3rd period - Ryan O'Reilly wins face-off versus David Krejci in WINNIPEG BEAVERS zone.
18:52 of 3rd period - EDMONTON ICE, Jake Allen is pulled from the net.
18:54 of 3rd period - Shot by Timo Meier.
18:54 of 3rd period - Deflect By Ryan O'Reilly.
18:54 of 3rd period - Shot Misses the Net.
18:56 of 3rd period - Shot by Ryan Graves.
18:56 of 3rd period - Shot Misses the Net.
19:15 of 3rd period - Icing by Mikko Koivu.
19:16 of 3rd period - Jake Allen from EDMONTON ICE was sent back in the game.
19:16 of 3rd period - Mikko Koivu wins face-off versus David Krejci in EDMONTON ICE zone.
19:24 of 3rd period - EDMONTON ICE, Jake Allen is pulled from the net.
19:39 of 3rd period - Icing by Ryan O'Reilly.
19:40 of 3rd period - Jake Allen from EDMONTON ICE was sent back in the game.
19:40 of 3rd period - Alexander Radulov wins face-off versus Jaden Schwartz in EDMONTON ICE zone.
19:50 of 3rd period - EDMONTON ICE, Jake Allen is pulled from the net.
19:54 of 3rd period - Shot by Jaden Schwartz.
19:54 of 3rd period - Stopped by Sergei Bobrovsky without a rebound.
19:55 of 3rd period - Timo Meier wins face-off versus Mika Zibanejad in WINNIPEG BEAVERS zone.
Goals for this period are 1 for EDMONTON ICE vs 1 for WINNIPEG BEAVERS.
Shots for this period are 11 for EDMONTON ICE vs 6 for WINNIPEG BEAVERS.


SEBASTIAN
AHO
MARK
SCHEIFELE
JAKE
OETTINGER

EAST COAST

HOCKEY LEAGUE

  • 17.QUE3CHI2
  • 18.CHA2LIM4
  • 19.TRV3LON2
  • 20.CHW1BAL2
  • 21.PITMAN
  • 22.ATLNHW
  • 23.WORPET
  • 24.RHI